[Event "*** Titled Tuesday Blitz"]
[Site "Chess.com"]
[Date "2020.11.10"]
[Round "3"]
[White "Oligan22"]
[Black "LubovMarkelova"]
[Result "1/2-1/2"]
[WhiteElo "2429"]
[BlackElo "2227"]
[TimeControl "180+1"]
[EndTime "10:31:49 PST"]
[Termination "Game drawn by repetition"]

1. e4 e6 2. d4 d5 3. Nd2 c5 4.
Ngf3 cxd4 5. Nxd4 Nf6 6. e5 Nfd7 7. f4 Nxe5 8. Nxe6 Bxe6 9. fxe5 Nc6 10. Nf3 Bc5 11.
Bd3 Qe7 12. Bg5 f6 13. Bh4 Bg4 14. Qe2 Bxf3 15. gxf3 Qxe5 16. O-O-O Qxe2 17. Bxe2 O-O-O 18. Bd3 g5 19. Bg3 Bd6 20. Bf5+ Kc7 21. a3 h5 22. Be6 Ne7 23. Rd3 h4 24. Bf2 Bf4+ 25. Kb1 Rd6 26. Bh3 Nc6 27. Rhd1 Rhd8 28. Bg1 d4 29.
Bg4 Be5 30. b4 Ne7 31. Bf2 Ng6 32. h3 Nf4 33. R3d2 d3 34. cxd3 Nxd3 35. Be3 Nf4 36.
Rxd6 Rxd6 37. Rc1+ Rc6 38. Rd1 Rd6 39. Rc1+ Rc6 40. Rd1 Rd6 1/2-1/2

[Event "*** Titled Tuesday Blitz"]
[Site "Chess.com"]
[Date "2020.11.10"]
[Round "3"]
[White "Igor_Lysyj"]
[Black "Borsuk_Konstantin"]
[Result "1-0"]
[WhiteElo "2838"]
[BlackElo "2612"]
[TimeControl "180+1"]
[EndTime "10:31:50 PST"]
[Termination "Igor_Lysyj won by resignation"]

1. d4 Nf6 2. c4 e6 3. Nf3 b6 4. g3 Bb7 5. Bg2 g6 6. Nc3 Bg7 7. d5 O-O 8. O-O Re8 9. Nd4 Qc8 10. e4 d6 11. Bh3 a6 12. Re1 c5 13. Nf3 Qc7 14. Bf4 Nh5 15. Bd2 Nd7 16. Qc2 Rab8 17. Rad1 Ba8 18. b3 b5 19. dxe6 fxe6 20. Qd3 b4 21. Ne2 Nf8 22. g4 Nf6 23. Ng3 N6d7 24. Bf4 e5 25. Be3 Rb6 26. g5 Ne6 27. Bxe6+ Rxe6 28. h4 Nb8 29. Nh2 Nc6 30. Ng4 Nd4 31. Bxd4 cxd4 32.
h5 Rb8 33. h6 Bf8 34. Nf6+ Rxf6 35. gxf6 Bxh6 36. Kg2 Rf8 37. c5 Qxc5 38. Qxa6 Bc6 39. Re2 Bf4 40. Qc4+ Qxc4 41. bxc4 h5 42. f3 Kf7 43.
Rb2 Ra8 44. Ne2 Be3 45. Nc1 g5 46. Nd3 Bd7 47. Nxb4 Kxf6 48. Nd5+ Ke6 49. Nc7+ 1-0

[Event "*** Titled Tuesday Blitz"]
[Site "Chess.com"]
[Date "2020.11.10"]
[Round "3"]
[White "FLamps8"]
[Black "GrigorGrigorov"]
[Result "0-1"]
[WhiteElo "2499"]
[BlackElo "2747"]
[TimeControl "180+1"]
[EndTime "10:31:50 PST"]
[Termination "GrigorGrigorov won by resignation"]

1. d4 Nf6 2. Bf4 d5 3. e3 c5 4. c3 Nc6 5. Bd3 Qb6 6. Qc1 Bg4 7. Nd2 Rc8 8. Ngf3 e6 9. h3 Bh5 10. O-O Be7 11. Qb1 Bg6 12. Bxg6 hxg6 13. Ne5 Nxe5 14.
Bxe5 Qa6 15. a4 Qe2 16. Qd1 Qxd1 17. Rfxd1 O-O 18. a5 a6 19. dxc5 Rxc5 20. Bd4 Rc6 21. Nf3 Ne4 22. Ne5 Rcc8 23. f3 Nd6 24. Nd7 Rfd8 25.
Nb6 Rc6 26. g4 f6 27. f4 Nb5 28. Na4 Kf7 29. Bb6 Rh8 30. Kg2 Nd6 31. Bc5 Nc4 32. Ba7 Nxa5 33. Nb6 Nb3 34. Ra3 Bxa3 35. bxa3 Nc5 36. c4 Ne4 37. cxd5 Rc2+ 38. Kf3 f5 39. dxe6+ Kxe6 40. gxf5+ gxf5 0-1

[Event "*** Titled Tuesday Blitz"]
[Site "Chess.com"]
[Date "2020.11.10"]
[Round "3"]
[White "Legendinunknown"]
[Black "RobPeresian"]
[Result "0-1"]
[WhiteElo "2722"]
[BlackElo "2471"]
[TimeControl "180+1"]
[EndTime "10:31:50 PST"]
[Termination "RobPeresian won by resignation"]

1. d4 d5 2. c4 c6 3. Nf3 Nf6 4. Nc3 dxc4 5. a4 Bf5 6. Ne5 Nbd7 7. Nxc4 Qc7 8. g3 e5 9. dxe5 Nxe5 10. Bf4 Nfd7 11. Bg2 f6 12. O-O Nc5 13. Rc1 Rd8 14. Qe1 Be7 15. Nxe5 fxe5 16. Be3 Nb3 17. Rd1 O-O 18. Ne4 Nd4 19. Bxd4 exd4 20. e3 dxe3 21. Qxe3 Qb6 22. Qe2 a5 23. Qc4+ Kh8 24. Rxd8 Qxd8 25. Nc5 Qb6 26. Ne6 Rf6 27. Nd4 Bc5 28. Nxf5 Rxf5 29. Qe6 Rf8 30. Kh1 Qxb2 31. Be4 Qe2 32. Kg2 Bxf2 33. Bf5 Be3+ 34. Kh3 Qxf1+ 35. Kg4 Qxf5+ 36.
Qxf5 Rxf5 37. Kxf5 b5 38. axb5 cxb5 39. Ke4 a4 40.
Kxe3 a3 41. Kd3 0-1

[Event "*** Titled Tuesday Blitz"]
[Site "Chess.com"]
[Date "2020.11.10"]
[Round "3"]
[White "nicoderboss24"]
[Black "mjray79"]
[Result "0-1"]
[WhiteElo "2218"]
[BlackElo "2502"]
[TimeControl "180+1"]
[EndTime "10:31:51 PST"]
[Termination "mjray79 won by resignation"]

1. e4 e5 2. Bc4 Nf6 3. d4 exd4 4. Nf3 d5 5. exd5 Nxd5 6. Qxd4 Qe7+ 7. Ne5 Nc6 8. Qxd5 Nxe5 9. O-O Nxc4 10. Qxc4 Be6 11.
Qe4 O-O-O 12. Nc3 a6 13. Be3 Qb4 14. Qxb4 Bxb4 15. a3 Bd6 16. Rad1 f5 17. f4 Rhe8 18. Rfe1 Bc4 19. g3 Rd7 20. Kg2 Rde7 21. Bf2 Be6 22.
Re2 Bd5+ 23. Rxd5 Rxe2 24. Nxe2 Rxe2 25. Rxf5 Rxc2 26. b4 Ra2 27. Rf7 h5 28. Rxg7 Rxa3 29. f5 Bxb4 30. f6 Rd3 31. Rg8+ Rd8 32. f7 Rf8 33. h3 Kd7 34. Rg5 Rxf7 35. Rxh5 a5 36. Rd5+ Kc6 37. Rd4 Bc5 38. Rd2 Rxf2+ 39. Rxf2 Bxf2 40.
Kxf2 a4 41. h4 a3 0-1

[Event "*** Titled Tuesday Blitz"]
[Site "Chess.com"]
[Date "2020.11.10"]
[Round "3"]
[White "Korchmar_Vasiliy"]
[Black "Fandorine"]
[Result "0-1"]
[WhiteElo "2615"]
[BlackElo "2844"]
[TimeControl "180+1"]
[EndTime "10:31:52 PST"]
[Termination "Fandorine won on time"]

1. d4 Nf6 2. Nf3 g6 3. Bg5 Bg7 4. Nbd2 d5 5. e3 O-O 6. Be2 c5 7. c3 b6 8. O-O Bb7 9. Ne5 Nbd7 10. f4 Qc7 11. Qe1 h6 12. Bh4 e6 13. g4 Ne4 14. Nxe4 dxe4 15. Bg3 Qd8 16. h4 cxd4 17. cxd4 Nf6 18. h5 Nd5 19. hxg6 fxg6 20. Bc4 g5 21. f5 exf5 22. gxf5 Kh7 23. Qe2 Rc8 24. Bb3 Nf6 25. Ng6 Re8 26. Be5 Bd5 27. Kg2 Bxb3 28. axb3 Qd7 29.
Rf2 a5 30. Rh1 Nd5 31. f6 Kxg6 32. fxg7 g4 33. Bf4 h5 34. Be5 Rxe5 35. dxe5 Qxg7 36.
Rd1 Qxe5 0-1

[Event "*** Titled Tuesday Blitz"]
[Site "Chess.com"]
[Date "2020.11.10"]
[Round "3"]
[White "gilbert_gm"]
[Black "Mikhal867"]
[Result "1-0"]
[WhiteElo "2544"]
[BlackElo "2340"]
[TimeControl "180+1"]
[EndTime "10:31:52 PST"]
[Termination "gilbert_gm won by checkmate"]

1. e4 g6 2. Nc3 Bg7 3. d4 d6 4. Nf3 a6 5. Be2 b5 6. O-O Nd7 7. a4 b4 8. Nd5 a5 9. c3 Ngf6 10.
Nxf6+ Nxf6 11. Bd3 Ba6 12. Re1 O-O 13. Bxa6 Rxa6 14.
Qe2 Rc6 15. Bd2 d5 16. e5 Ne4 17. cxb4 axb4 18. Bxb4 Rb6 19. Bc3 Qa8 20. Nd2 Nxc3 21.
bxc3 Ra6 22. Qd1 Bh6 23. Nf3 Qc6 24. Qd3 Rfa8 25. e6 f6 26. h4 Rxa4 27. Rxa4 Rxa4 28. h5 Kg7 29. hxg6 hxg6 30. Nh4 Qe8 31. Qg3 Rc4 32. Rb1 Bg5 33. Rb3 Qc6 34. Nf3 Rxc3 35. Rb8 Rc1+ 36.
Kh2 Bh6 37. Nh4 Bg5 38. Qh3 Bf4+ 39. g3 Qc2 40. Nf5+ gxf5 41. Qh8+ Kg6 42. Rg8# 1-0

[Event "*** Titled Tuesday Blitz"]
[Site "Chess.com"]
[Date "2020.11.10"]
[Round "3"]
[White "salomez"]
[Black "Gerodot71"]
[Result "0-1"]
[WhiteElo "2160"]
[BlackElo "2492"]
[TimeControl "180+1"]
[EndTime "10:31:53 PST"]
[Termination "Gerodot71 won on time"]

1. e4 e5 2. Nf3 Nc6 3. Bc4 Bc5 4.
d3 Nf6 5. Nbd2 h6 6. Nf1 d5 7.
exd5 Nxd5 8. Ng3 O-O 9. O-O Bb6 10. Re1 Be6 11. Bxd5 Qxd5 12. Be3 Nd4 13. Bxd4 exd4 14.
Re5 Qd6 15. Qe2 Rfe8 16. Re1 Bd7 17. Nf5 Rxe5 18. Qxe5 Qxe5 19. Rxe5 c5 20. g4 Kf8 21. Nd2 Re8 22. Rxe8+ Bxe8 23. Ne4 Bc6 24. f3 Bd5 25. b3 Be6 26. Kf2 h5 27. h3 g6 28. Nfd6 Bd5 29. Nc4 Ke7 30. Kg3 Bc7+ 31. Kh4 hxg4 32. hxg4 b6 33.
Kh3 Bf4 34. Kg2 f5 35. gxf5 gxf5 36. Ng3 Ke6 37. Kf2 b5 38. Na5 Bc7 39. b4 cxb4 40. Nb3 Bb6 41. Ne2 Bxb3 42. axb3 a5 43. Nc1 Ke5 44. Ke2 Kf4 45. Kf2 a4 46. Na2 Bc5 47.
Ke2 Kg3 0-1

[Event "*** Titled Tuesday Blitz"]
[Site "Chess.com"]
[Date "2020.11.10"]
[Round "3"]
[White "DrVelja"]
[Black "biostatistician"]
[Result "1-0"]
[WhiteElo "2762"]
[BlackElo "2530"]
[TimeControl "180+1"]
[EndTime "10:31:54 PST"]
[Termination "DrVelja won on time"]

1. e4 e6 2. d4 d5 3. Nc3 Nc6 4. Nf3 Nf6 5. Bd3 Nb4 6. Bg5 Be7 7. e5 Nxd3+ 8. Qxd3 Nd7 9. Bxe7 Qxe7 10. Ne2 c5 11. O-O b6 12. Rfe1 a5 13. Nf4 Ba6 14.
Qd2 Rc8 15. c3 O-O 16. Re3 cxd4 17. Nxd4 Nc5 18. Rh3 Ne4 19. Qe3 Qg5 20. Rh5 Qe7 21. Re1 b5 22. Qh3 h6 23. Qg4 Kh7 24. Nxd5 exd5 25. Nf5 Qg5 26. Rxg5 Nxg5 27. Nxg7 Kxg7 28. h4 Rc4 29. f4 Bc8 30. Qg3 b4 31. hxg5 h5 32.
Rd1 Bg4 33. Rxd5 bxc3 34. bxc3 Rfc8 35. g6 Rxc3 36. Qh4 Rc1+ 37. Kh2 R8c6 38. gxf7 1-0

[Event "*** Titled Tuesday Blitz"]
[Site "Chess.com"]
[Date "2020.11.10"]
[Round "3"]
[White "Siemba"]
[Black "Algeriano22"]
[Result "0-1"]
[WhiteElo "2433"]
[BlackElo "2695"]
[TimeControl "180+1"]
[EndTime "10:31:54 PST"]
[Termination "Algeriano22 won on time"]

1. e4 e5 2. Nf3 Nc6 3. Nc3 g6 4. d4 exd4 5. Nxd4 Bg7 6. Be3 Nf6 7. Qd2 O-O 8. O-O-O Re8 9. f3 d6 10. g4 Nd7 11. Nxc6 bxc6 12. h4 Rb8 13. Bh6 Bh8 14.
h5 Ne5 15. Be2 Be6 16. Bg5 Bf6 17. Bxf6 Qxf6 18. g5 Qg7 19. f4 Nd7 20. Bd3 Bg4 21. Rdg1 Bxh5 22. f5 Qe5 23. f6 Nc5 24. Rh3 Rb4 25.
Rxh5 gxh5 26. Qe2 Qf4+ 27. Kb1 Reb8 28. Qxh5 Rxb2+ 29. Ka1 Qe5 30. Qh6 Ne6 31. Bc4 Rb1+ 0-1

[Event "*** Titled Tuesday Blitz"]
[Site "Chess.com"]
[Date "2020.11.10"]
[Round "3"]
[White "mirciulica14"]
[Black "Luklei18"]
[Result "1-0"]
[WhiteElo "2629"]
[BlackElo "2388"]
[TimeControl "180+1"]
[EndTime "10:31:54 PST"]
[Termination "mirciulica14 won on time"]

1. d4 Nf6 2. c4 g6 3. g3 Bg7 4. Bg2 O-O 5. Nc3 d6 6. Nf3 Nbd7 7. O-O e5 8. e4 exd4 9. Nxd4 Re8 10. h3 a6 11. b3 Rb8 12. Bb2 c5 13. Nc2 b5 14.
cxb5 axb5 15. Qxd6 Rb6 16. Qd2 Bb7 17. Ne3 Nxe4 18.
Nxe4 Bxb2 19. Qxb2 Bxe4 20. Bxe4 Rxe4 21. Rad1 Qe8 22.
Rd5 Ne5 23. Rfd1 Nf3+ 24. Kg2 Nd4 25. Rxc5 Rxe3 26. Qxd4 Qa8+ 27. Kg1 Re8 28. Rc7 Rbe6 29. Rcc1 Qxa2 30. Qd3 b4 31. Qc4 Re2 32. Rf1 Qa3 33. Rcd1 R2e7 34. Rd4 Rb7 35. Qd3 Reb8 36. Rd1 1-0

[Event "*** Titled Tuesday Blitz"]
[Site "Chess.com"]
[Date "2020.11.10"]
[Round "3"]
[White "AldokhinIvan"]
[Black "tteshan"]
[Result "0-1"]
[WhiteElo "2546"]
[BlackElo "2372"]
[TimeControl "180+1"]
[EndTime "10:31:54 PST"]
[Termination "tteshan won on time"]

1. e4 c5 2. Nf3 Nc6 3. d4 cxd4 4. Nxd4 e6 5. Nc3 Qc7 6. Nxc6 bxc6 7. Bd3 Nf6 8. O-O Be7 9. f4 d5 10. e5 Nd7 11. Kh1 Nc5 12. Be2 O-O 13. Be3 a5 14.
Qe1 Ba6 15. Bxa6 Nxa6 16. Qg3 c5 17. f5 f6 18. fxe6 Nb4 19. Bh6 Bd8 20. Bf4 f5 21. a3 Nxc2 22. Nxd5 Qb7 23. Qf3 Kh8 24. Rad1 Nd4 25.
Rxd4 cxd4 26. h4 Bxh4 27. g3 Be7 28. Rd1 Rfd8 29. Rxd4 Rac8 30. Kh2 Qxb2+ 31. Rd2 Qxa3 32. Qxa3 Bxa3 33. e7 Bxe7 0-1

[Event "*** Titled Tuesday Blitz"]
[Site "Chess.com"]
[Date "2020.11.10"]
[Round "3"]
[White "ErikRonka"]
[Black "RestartingChess"]
[Result "1/2-1/2"]
[WhiteElo "2390"]
[BlackElo "2577"]
[TimeControl "180+1"]
[EndTime "10:31:55 PST"]
[Termination "Game drawn by agreement"]

1. e4 Nf6 2. Nc3 d6 3. d4 g6 4. f4 Bg7 5. a3 c5 6. dxc5 dxc5 7. Qxd8+ Kxd8 8. Nf3 Ke8 9. Be3 b6 10. Bd3 Bb7 11. O-O Ng4 12. Bd2 Nc6 13. h3 Nf6 14. e5 Nd7 15. Rae1 Nd4 16. Nxd4 cxd4 17. Nb5 Kf8 18.
Nxd4 Nc5 19. Bc4 Rd8 20. c3 e6 21. Be3 a6 22. Rd1 Ke7 23. Nc2 Na4 24. Bc1 b5 25. Be2 Rxd1 26. Rxd1 Rd8 27. Rxd8 Kxd8 28. Kf2 Bf8 29. g3 Bc5+ 30. Nd4 Kd7 31. Bf3 Bxf3 32. Kxf3 Bxd4 33. cxd4 Nb6 34. Ke4 h5 35. g4 hxg4 36. hxg4 a5 37. f5 gxf5+ 38. gxf5 Kc6 39. Bd2 Nc4 40.
Bc3 b4 41. axb4 axb4 42. Bxb4 Nxb2 43. Bc3 Nc4 44. Bb4 Nb6 45. Bc5 Nd5 46. Bd6 Nc3+ 47.
Kd3 Nb5 48. fxe6 fxe6 49. Bc5 Nc7 50. Ke3 Nd5+ 51. Ke4 1/2-1/2

[Event "*** Titled Tuesday Blitz"]
[Site "Chess.com"]
[Date "2020.11.10"]
[Round "3"]
[White "vladimirssvesnikovs"]
[Black "AleksanderHnydiuk"]
[Result "1/2-1/2"]
[WhiteElo "2262"]
[BlackElo "2496"]
[TimeControl "180+1"]
[EndTime "10:31:55 PST"]
[Termination "Game drawn by repetition"]

1. e4 c5 2. c3 d5 3. exd5 Qxd5 4.
d4 Nf6 5. Nf3 e6 6. Be2 Be7 7.
O-O O-O 8. c4 Qd8 9. Nc3 b6 10.
Be3 cxd4 11. Nxd4 Bb7 12. Bf3 Qc8 13. Rc1 Nbd7 14. b3 Ne5 15. Bxb7 Qxb7 16. Qe2 Rfd8 17.
h3 Rac8 18. Rfd1 a6 19. Bf4 Ng6 20. Bg3 Bb4 21. Nf3 Rxd1+ 22. Nxd1 b5 23. Ne3 Ne4 24. Be5 Nxe5 25. Nxe5 Rd8 26. Qf3 f5 27. Rd1 Qc8 28. cxb5 axb5 29. Qh5 Rxd1+ 30. Qxd1 Bd6 31. Nf3 Qc5 32.
Nd4 Kf7 33. Nec2 e5 34. Qh5+ g6 35. Qxh7+ Kf6 36. Qh8+ Kf7 37. Qh7+ Kf6 38. Qh4+ Kf7 39. Qh7+ 1/2-1/2

[Event "*** Titled Tuesday Blitz"]
[Site "Chess.com"]
[Date "2020.11.10"]
[Round "3"]
[White "Jumbo"]
[Black "GM_LOADING"]
[Result "1-0"]
[WhiteElo "2859"]
[BlackElo "2461"]
[TimeControl "180+1"]
[EndTime "10:31:56 PST"]
[Termination "Jumbo won by resignation"]

1. d4 Nf6 2. c4 e6 3. Nf3 Bb4+ 4. Bd2 a5 5. Nc3 d6 6. Qc2 O-O 7. e4 Nc6 8. Bd3 e5 9. d5 Ne7 10. h3 Ng6 11. g3 c6 12. a3 Bc5 13. Kf1 Bd7 14. Kg2 Rc8 15. Qb3 b5 16. cxb5 cxd5 17. exd5 Bd4 18. Nxd4 exd4 19. Ne4 Ne5 20. Bg5 Re8 21.
Bxf6 gxf6 22. Nxd6 Bxh3+ 23. Rxh3 Qxd6 24. Bxh7+ Kf8 25. Bf5 Rc5 26. Re1 a4 27. Qxa4 Qxd5+ 28. Be4 Qe6 29.
Rh8+ Kg7 30. Rxe8 Qxe8 31. Qxd4 Qxb5 32. Rh1 Ng6 33. b4 Re5 34. Bxg6 fxg6 35. Qa7+ Kg8 36. Qh7+ Kf8 37. Qh8+ Kf7 38. Rh7+ Ke6 39. Qc8+ Kd5 40.
Rd7+ Ke4 41. Qc2+ 1-0

[Event "*** Titled Tuesday Blitz"]
[Site "Chess.com"]
[Date "2020.11.10"]
[Round "3"]
[White "1977Ivan"]
[Black "AnishOnYoutube"]
[Result "0-1"]
[WhiteElo "2707"]
[BlackElo "2978"]
[TimeControl "180+1"]
[EndTime "10:31:57 PST"]
[Termination "AnishOnYoutube won on time"]

1. d4 Nf6 2. Nd2 d5 3. Ngf3 Bf5 4. e3 e6 5. Ne5 Nbd7 6. g4 Nxe5 7. gxf5 Nc6 8.
fxe6 fxe6 9. Bh3 Qd7 10. c3 O-O-O 11. b4 Bd6 12. b5 Ne7 13. c4 dxc4 14. Nxc4 Kb8 15.
Qb3 Ned5 16. a3 Rhe8 17. Bb2 Qf7 18. O-O-O g5 19. Rhf1 h5 20. Bg2 Bxh2 21. Na5 Ka8 22. Kb1 g4 23. Rc1 h4 24. Bh1 Qg6+ 25. Ka2 Rc8 26. e4 Nb6 27. d5 exd5 28. exd5 Bd6 29. Rfe1 Nfd7 30. Re6 Qf7 31. Nc6 Qxf2 32. Rc2 Qf4 33.
Bd4 h3 34. Rf2 Qg3 35. Qc2 Qxa3+ 36. Kb1 g3 37. Rf3 Qa4 38. Rb3 g2 0-1

[Event "*** Titled Tuesday Blitz"]
[Site "Chess.com"]
[Date "2020.11.10"]
[Round "3"]
[White "WiktoriaPOL"]
[Black "Training_Day"]
[Result "1-0"]
[WhiteElo "2102"]
[BlackElo "2291"]
[TimeControl "180+1"]
[EndTime "10:31:57 PST"]
[Termination "WiktoriaPOL won on time"]

1. c4 c5 2. Nf3 Nf6 3. Nc3 Nc6 4. g3 g6 5. d4 cxd4 6. Nxd4 d6 7. Bg2 Bd7 8. O-O Bg7 9. Nc2 O-O 10. Ne3 Rc8 11. b3 Ng4 12. Qc2 Nd4 13. Qd3 Nxe2+ 14.
Qxe2 Bxc3 15. Rb1 Nxe3 16. Qxe3 Bf6 17. Bxb7 Bf5 18. Be4 Bxe4 19. Qxe4 Qa5 20. a3 Rfd8 21. b4 Qa6 22. b5 Qa4 23. Rb4 Qa5 24. Qc2 Rc7 25.
Qa4 Qb6 26. Be3 Qb7 27. Qb3 Rdc8 28. Rc1 Kg7 29. a4 h5 30. h4 e6 31. a5 Qb8 32. b6 axb6 33. axb6 Rc6 34. b7 R8c7 35. Ba7 Qd8 36. b8=Q 1-0

[Event "*** Titled Tuesday Blitz"]
[Site "Chess.com"]
[Date "2020.11.10"]
[Round "3"]
[White "Aleksey_Sorokin"]
[Black "hypert"]
[Result "1/2-1/2"]
[WhiteElo "2736"]
[BlackElo "2455"]
[TimeControl "180+1"]
[EndTime "10:31:58 PST"]
[Termination "Game drawn by agreement"]

1. d4 d5 2. c4 c6 3. Nf3 Nf6 4. e3 e6 5. Nc3 Nbd7 6. Qc2 Bd6 7. b3 O-O 8. Bb2 e5 9. h3 e4 10. Nd2 Re8 11. g4 h6 12. cxd5 cxd5 13. Nb5 Bb8 14. Rc1 Nf8 15. Nc7 Bxc7 16. Qxc7 Qxc7 17. Rxc7 Ne6 18.
Rc3 Bd7 19. Be2 Rec8 20. Nb1 Rxc3 21. Nxc3 Rc8 22. h4 g5 23. hxg5 hxg5 24. Kd2 Kg7 25.
f3 exf3 26. Bxf3 Nc7 27. e4 dxe4 28. Nxe4 Bc6 29. d5 Nxd5 30. Nxg5 Kg6 31. Ne4 Rd8 32. Kc1 Nb4 33. Bxf6 Re8 34. g5 Bxe4 35. Bh5+ Kf5 36. Rf1+ Ke6 37. Kb2 Nd3+ 38. Ka3 Bg6 39. Bg4+ Kd5 40.
Bd7 Re2 41. Bb5 Kc5 42. Bc4 b5 43. Bd4+ Kxd4 44. Bxb5 a6 45. Bxa6 Rg2 1/2-1/2

[Event "*** Titled Tuesday Blitz"]
[Site "Chess.com"]
[Date "2020.11.10"]
[Round "3"]
[White "Guenplen"]
[Black "pedromartinez91"]
[Result "1-0"]
[WhiteElo "2887"]
[BlackElo "2575"]
[TimeControl "180+1"]
[EndTime "10:32:00 PST"]
[Termination "Guenplen won by resignation"]

1. d4 b6 2. Bf4 e6 3. e3 Nf6 4.
Nf3 c5 5. Nbd2 cxd4 6. exd4 Be7 7. h3 O-O 8. c3 d6 9. a4 Ba6 10. Bb5 Qc7 11. O-O Qb7 12. Qe2 Bxb5 13. axb5 a5 14.
Rfe1 Nbd7 15. Nc4 Qc7 16. Ne3 Rfe8 17. Bh2 Bf8 18. Rac1 Qb7 19. Nc4 Qd5 20. Ne3 Qe4 21. Nd2 Qb7 22. Ndc4 d5 23. Nd6 Bxd6 24. Bxd6 Ne4 25. Ba3 Qc7 26. Ng4 Nd6 27. Bxd6 Qxd6 28. h4 a4 29. h5 h6 30. Qf3 a3 31. bxa3 Rxa3 32. Re3 Rea8 33. c4 Ra1 34. Ree1 Rxc1 35.
Rxc1 Rc8 36. Ne3 dxc4 37. Qb7 Qc7 38. Qxc7 Rxc7 39. Rxc4 Rxc4 40. Nxc4 Kf8 41. g4 Ke7 42. f3 Kd8 43. Kf2 Kc7 44. Ke3 f6 45. f4 Nf8 46.
f5 exf5 47. gxf5 Nd7 48. Ke4 Nf8 49. Kd5 Nh7 50. Ke6 Ng5+ 51. Ke7 Nf3 52. d5 Nd4 53.
d6+ Kb7 54. d7 Nxf5+ 55. Ke8 1-0

[Event "*** Titled Tuesday Blitz"]
[Site "Chess.com"]
[Date "2020.11.10"]
[Round "3"]
[White "HrvojeZagreb"]
[Black "PriSachu"]
[Result "0-1"]
[WhiteElo "2275"]
[BlackElo "2520"]
[TimeControl "180+1"]
[EndTime "10:32:00 PST"]
[Termination "PriSachu won by checkmate"]

1. d4 Nf6 2. Bf4 b6 3. Nc3 g6 4. e4 Bg7 5. Qd2 Bb7 6. f3 c5 7.
d5 d6 8. Bh6 Bxh6 9. Qxh6 Nbd7 10. Bb5 a6 11. Bxd7+ Qxd7 12. O-O-O b5 13. g4 b4 14.
Nce2 O-O-O 15. h4 a5 16. Kb1 Ba6 17. h5 Kb8 18. Nc1 c4 19. Nge2 Rhg8 20. Nd4 g5 21.
Nc6+ Kc7 22. Nxd8 Kxd8 23. e5 dxe5 24. d6 Qe6 25. dxe7+ Kxe7 26. Ne2 Nd5 27. Qxh7 Rb8 28. Ng3 b3 29. Nf5+ Kd7 30. axb3 cxb3 31. Ne3 bxc2+ 32. Qxc2 Rb5 33. Qa4 Ke7 34. Nf5+ Kf6 35. Qa3 a4 36.
Qf8 Nc3+ 37. Kc2 Qb3+ 38. Kd2 Rd5+ 39. Ke1 Qxd1+ 40. Kf2 Rd2+ 41. Kg3 Ne2+ 42. Kg2 Nf4+ 43. Kg3 Rg2# 0-1

[Event "*** Titled Tuesday Blitz"]
[Site "Chess.com"]
[Date "2020.11.10"]
[Round "3"]
[White "vanyakuba"]
[Black "Vandros57"]
[Result "1-0"]
[WhiteElo "2500"]
[BlackElo "2207"]
[TimeControl "180+1"]
[EndTime "10:32:00 PST"]
[Termination "vanyakuba won on time"]

1. e4 c5 2. c3 d5 3. exd5 Qxd5 4.
d4 Nf6 5. Nf3 Bg4 6. Be2 e6 7. h3 Bh5 8. O-O Nc6 9. Be3 cxd4 10. cxd4 Bd6 11. Nc3 Qa5 12. Qb3 Qb4 13. Nb5 Qxb3 14.
Nxd6+ Ke7 15. Nf5+ exf5 16. axb3 Nd5 17. Bc4 Nxe3 18. fxe3 Bxf3 19. Rxf3 g6 20. g4 fxg4 21. Rxf7+ Kd6 22. Rf6+ Kc7 23. hxg4 Rae8 24. Rf7+ Kb6 25.
Kf2 Rhf8 26. Rxf8 Rxf8+ 27. Ke2 h5 28. gxh5 gxh5 29. Rh1 Rf5 30. Bd3 Rg5 31. Be4 Na5 32. Bf3 Nxb3 33. Rxh5 Rxh5 34. Bxh5 a5 35. Kd1 a4 36.
Bf7 Na5 37. Kd2 Kb5 38. Kc3 b6 39. Be8+ Ka6 40. Bxa4 b5 41. Bb3 Kb6 42. Bd5 1-0

[Event "*** Titled Tuesday Blitz"]
[Site "Chess.com"]
[Date "2020.11.10"]
[Round "3"]
[White "dominikaf"]
[Black "stolencandy13"]
[Result "1-0"]
[WhiteElo "2216"]
[BlackElo "2373"]
[TimeControl "180+1"]
[EndTime "10:32:00 PST"]
[Termination "dominikaf won by resignation"]

1. e4 c6 2. d3 d5 3. e5 Bf5 4. f4 e6 5. Nf3 c5 6. c3 Nc6 7.
Na3 h5 8. Nc2 d4 9. c4 Nh6 10.
h3 h4 11. Be2 Be7 12. O-O Bg6 13. Bd2 Nf5 14. Be1 Bh5 15. Kh2 a5 16. a3 a4 17.
Rb1 Na5 18. Ng5 Bxe2 19. Qxe2 Bxg5 20. fxg5 Qxg5 21. Rf3 Nc6 22. b4 axb3 23. Rxb3 Rb8 24. Qe4 O-O 25. Rb5 Ng3 26. Bxg3 hxg3+ 27. Rxg3 Qxe5 28.
Qxe5 Nxe5 29. Rxc5 Nc6 30. Nb4 Nxb4 31. axb4 Rfc8 32. Rxc8+ Rxc8 33. Rg5 f6 34. Rb5 Rc7 35. Kg3 Kf7 36. Kf4 Ke7 37. g4 g6 38. Ke4 e5 39. c5 Ke6 40. Rb6+ Ke7 41. g5 f5+ 42.
Kxe5 Kf7 43. Kxd4 Re7 44. b5 Kg7 45. Rf6 Rd7+ 46. Kc4 Re7 47. c6 bxc6 48. bxc6 Re1 49.
d4 Rh1 50. d5 Rxh3 51. d6 Rh4+ 52. Kc5 Rg4 53. c7 Rg1 54. d7 1-0

[Event "*** Titled Tuesday Blitz"]
[Site "Chess.com"]
[Date "2020.11.10"]
[Round "3"]
[White "Ermito2020"]
[Black "DishonorOnYourCow"]
[Result "1/2-1/2"]
[WhiteElo "2590"]
[BlackElo "2398"]
[TimeControl "180+1"]
[EndTime "10:32:01 PST"]
[Termination "Game drawn by agreement"]

1. e4 e5 2. Nf3 Nc6 3. d4 exd4 4. Bc4 Nf6 5. O-O d6 6. Nxd4 Nxd4 7. Qxd4 Be7 8. Nc3 O-O 9. Bg5 Be6 10. Rad1 Nd7 11. Bxe7 Qxe7 12. Rfe1 a6 13. Bd5 Qf6 14. Qd2 Rab8 15. f4 Rfe8 16. b3 Nb6 17. Bxe6 fxe6 18. e5 Qg6 19. exd6 Rbd8 20. Ne4 cxd6 21. c4 d5 22. Ng5 Qf6 23. cxd5 Nxd5 24. Ne4 Qxf4 25. Qxf4 Nxf4 26. Nd6 Rf8 27. Nxb7 Rxd1 28. Rxd1 Ne2+ 29. Kh1 Nc3 30. Re1 Nxa2 31. Nc5 e5 32. Nxa6 Ra8 33. Nc5 Rc8 34. Nd3 Rc3 35. Nxe5 Rxb3 36. h3 g6 37. Rd1 Nc3 38. Rd7 Ne4 39. Ng4 h5 40. Ne5 h4 41.
Nxg6 Rb4 42. Nxh4 Nf2+ 43. Kg1 Nxh3+ 44. gxh3 Rxh4 45. Kg2 Rh7 46. Rd8+ Kg7 47. Kg3 Kh6 48. Kg4 Rg7+ 49. Kh4 Rg1 50. Rd6+ Kh7 51. Ra6 Kh8 52. Kh5 Rb1 53. h4 Rb5+ 54. Kh6 Rb8 55. h5 Re8 56. Kg6 Rd8 57. Re6 Rc8 58. h6 Rb8 59. Kf5 Rc8 60. Ke5 Rd8 61. Re7 Rg8 62. Kf6 Ra8 63. Kg6 Ra6+ 64.
Kh5 Ra8 65. Re6 Rc8 66. Kg6 Rg8+ 67. Kh5 Ra8 1/2-1/2

[Event "*** Titled Tuesday Blitz"]
[Site "Chess.com"]
[Date "2020.11.10"]
[Round "3"]
[White "Kavyev_Ruslan"]
[Black "DonPreuss"]
[Result "0-1"]
[WhiteElo "2392"]
[BlackElo "2234"]
[TimeControl "180+1"]
[EndTime "10:32:01 PST"]
[Termination "DonPreuss won by resignation"]

1. d4 Nc6 2. e4 e5 3. d5 Nce7 4. Nf3 Ng6 5. Be3 Bb4+ 6. Nbd2 Ba5 7. c4 Bxd2+ 8. Qxd2 d6 9. g3 N8e7 10. Bg2 O-O 11.
O-O f5 12. Ng5 f4 13. gxf4 exf4 14. Bd4 Nh4 15. f3 Nxd5 16. Nxh7 Kxh7 17. cxd5 Qg5 18.
Kh1 Bd7 19. Rac1 Rac8 20. Rg1 Qh5 21. Qd3 g6 22. Rc3 Rf7 23. Qc2 c5 24. dxc6 bxc6 25. Bxa7 Nxg2 26. Rxg2 Bh3 27. Bg1 Bxg2+ 28. Qxg2 c5 29.
Qd2 Qe5 30. Rd3 Rd8 31. Rd5 Qe7 32. e5 Rf5 33. exd6 Qd7 34. Rd3 c4 35. Rd4 Qe6 36.
a4 g5 37. a5 Re5 38. a6 Re2 39. Qd1 Rxb2 40. a7 Qh3 41. Bf2 Rxf2 42. Qb1+ Kh6 0-1

[Event "*** Titled Tuesday Blitz"]
[Site "Chess.com"]
[Date "2020.11.10"]
[Round "3"]
[White "BillCoe"]
[Black "chessmachine14"]
[Result "0-1"]
[WhiteElo "2061"]
[BlackElo "2294"]
[TimeControl "180+1"]
[EndTime "10:32:01 PST"]
[Termination "chessmachine14 won on time"]

1. e4 c5 2. Nf3 e6 3. d4 cxd4 4. Nxd4 Nf6 5. Bd3 Nc6 6. Nb5 a6 7. N5c3 Be7 8. O-O O-O 9. Be3 d5 10. exd5 exd5 11. Bg5 d4 12. Bxf6 Bxf6 13. Ne4 Bf5 14.
Nxf6+ Qxf6 15. Bxf5 Qxf5 16. Nd2 d3 17. cxd3 Qxd3 18.
Nf3 Qg6 19. Rc1 Rad8 20. Qc2 Rd3 21. Qe2 Nb4 22. a3 Nd5 23. Rc4 Rb3 24. Qe5 Nb6 25. Rb4 Rxf3 26. Rxb6 Qxb6 27. gxf3 Qc6 28. Kg2 Re8 29. Qf4 h6 30. Rc1 Qg6+ 31. Qg3 Qb6 32. Rc2 Qb5 33. b4 Re1 34. Kh3 Qf1+ 35. Qg2 Qd3 36. Rc8+ Kh7 37. Qg4 Qf1+ 38. Qg2 Qd3 39.
Rc7 Re5 40. Qg4 Rf5 0-1